 Dungeon Crawl Stone Soup version 0.26.0-10-g1f06aea511 (webtiles) character file.

Game seed: 11640860227242875711

60 Borgoz the Ruffian (level 4, -2/38 HPs)
             Began as a Ghoul Gladiator on Jan 15, 2021.
             Slain by an ice beast (5 damage)
             ... on level 2 of the Dungeon.
             The game lasted 00:01:52 (1796 turns).

Borgoz the Ruffian (Ghoul Gladiator)                Turns: 1796, Time: 00:01:53

Health: -2/38      AC:  4    Str: 17    XL:     4   Next: 4%
Magic:  3/3        EV: 12    Int:  3    God:
Gold:   83         SH:  0    Dex: 11    Spells: 3/3 levels left

rFire    . . .     SeeInvis .     - Unarmed
rCold    + . .     Faith    .   (no shield)
rNeg     + + +     Spirit   .   a - +0 leather armour
rPois    ∞         Reflect  .   m - +1 hat
rElec    .         Harm     .   (no cloak)
rCorr    .         Rampage  .   (no gloves)
Will     .....                  (no boots)
Stlth    +.........             g - amulet of inaccuracy (curse)
HPRegen  0.00/turn              (no ring)
MPRegen  0.08/turn              (no ring)

@: no status effects
A: claws 1, cold resistance 1, negative energy resistance 3, inhibited
regeneration, torment resistance, unbreathing
a: no special abilities


You were on level 2 of the Dungeon.
You visited 1 branch of the dungeon, and saw 2 of its levels.

You collected 83 gold pieces.

Inventory:

Missiles
 c - a throwing net (quivered)
Armour
 a - a +0 leather armour (worn)
 m - a +1 hat (worn)
Jewellery
 e - an uncursed amulet of reflection {unknown}
 g - a cursed amulet of inaccuracy (around neck)
Scrolls
 b - a scroll of identify
Potions
 h - 3 potions of curing
 j - 2 potions of magic
 k - a potion of attraction {unknown}
 l - 2 potions of might


   Skills:
 + Level 3.0 Fighting
 - Level 1.7 Throwing
 + Level 1.3 Armour
 + Level 3.1 Dodging
 + Level 3.9 Unarmed Combat


You had 3 spell levels left.
You didn't know any spells.
Your spell library was empty.

Dungeon Overview and Level Annotations

Branches:
Dungeon (2/15)

Altars:

Annotations:
D:2 1 runed translucent door, Crazy Yiuf


Innate Abilities, Weirdness & Mutations

You thrive by killing the living.
You are immune to poison.
You have sharp fingernails.
Your flesh is cold resistant. (rC+)
You are immune to negative energy. (rN+++)
You do not regenerate when monsters are visible.
You are immune to unholy pain and torment.
You can survive without breathing.


Message History

The ice beast is heavily wounded.
The ice beast closely misses you.
You scratch the ice beast.
The ice beast is heavily wounded.
The ice beast closely misses you.
You miss the ice beast.
The ice beast is heavily wounded.
You scratch the ice beast.
The ice beast is severely wounded.
The ice beast hits you. The ice beast freezes you! You resist.
* * * LOW HITPOINT WARNING * * *
You scratch the ice beast.
The ice beast is severely wounded.
The ice beast barely misses you.
You scratch the ice beast but do no damage.
The ice beast is severely wounded.
The ice beast hits you.
* * * LOW HITPOINT WARNING * * *
The ice beast freezes you. You resist.
You die...

######### . #.......# ..
#.......# ...###
#.......###
......########.......#..
.....[..<....###.###....
.............###.# ###..
(...[.Y@......##.# #..
..............##^######.
##..####.####...........
## #.## #....#######
#.####..###.......####
...#...)...####....#
#.##......# ####.#
#.......### #..
##..)..## ##.


You could see an ice beast.

Vanquished Creatures
  An adder (D:2)
  3 dart slugs (D:1)
  2 leopard geckos (D:1)
  11 bats
  9 goblins
  3 hobgoblins
  A frilled lizard (D:1)
  6 kobolds
  5 rats
41 creatures vanquished.

Notes
Turn   | Place    | Note
-------+----------+-------------------------------------------
     0 | D:1      | Borgoz the Ghoul Gladiator began the quest for the Orb.
     0 | D:1      | Reached XP level 1. HP: 17/17 MP: 0/0
   235 | D:1      | Reached XP level 2. HP: 25/25 MP: 1/1
   868 | D:1      | Reached XP level 3. HP: 30/30 MP: 2/2
   904 | D:1      | Reached skill level 1 in Armour
  1621 | D:2      | Reached XP level 4. HP: 38/38 MP: 3/3
  1681 | D:2      | Found a runed translucent door.
  1682 | D:2      | Noticed Crazy Yiuf
  1774 | D:2      | Noticed an ice beast
  1796 | D:2      | Slain by an ice beast

Illustrated notes

Levels and vault maps discovered:
D:1:      dpeg_arrival_three_same_balls, layout_basic
D:2:      layout_rooms, uniq_crazy_yiuf_cottage

Skill      XL: |  1  2  3 |
---------------+----------+-----
Dodging        | 3 |  3.1
Armour         | 1 |  1.3
Fighting       | 3 |  3.0
Throwing       | |  1.7
Unarmed Combat | |  3.9

Action                   |  1- 3 |  4- 6 || total
-------------------------+-------+-------++-------
Melee: Unarmed           |   138 |    22 ||   160
       Punch             |     2 |     1 ||     3
Throw: Throwing net      |     2 |     2 ||     4
  Use: Scroll            |     5 |       ||     5
 Stab: Held in net/web   |       |     1 ||     1
Armor: Leather armour    |    53 |     3 ||    56
Dodge: Dodged            |   123 |     8 ||   131
